 Dungeon Crawl Stone Soup version 0.17-a0-725-gfa8c127 (console) character file.

232063 Fusha the Acrobat (level 18, -1/84 HPs)
             Began as a Felid Transmuter on Apr 20, 2015.
             Was the Champion of Okawaru (penitent).
             Slain by a tentacled monstrosity (12 damage)
             ... on level 4 of the Vaults on Apr 21, 2015.
             The game lasted 09:21:36 (97427 turns).

Fusha the Acrobat (Felid Transmuter)               Turns: 97427, Time: 09:21:36

Health: -1/84      AC:  3    Str:  9    XL:     18   Next: 81%
Magic:  29/33      EV: 43    Int: 20    God:    Okawaru [*]
Gold:   2240       SH:  0    Dex: 31    Spells: 11 memorised, 1 level left
                                        Lives:  0   Deaths: 6

rFire  + + +     SeeInvis +       - Unarmed
rCold  + . .     Clarity  .     (armour unavailable)
rNeg   + . .     SustAb   +     (shield unavailable)
rPois  +         Gourm    .     (helmet unavailable)
rElec  .         Spirit   .     (cloak unavailable)
rCorr  .         Warding  .     (gloves unavailable)
rMut   +         Stasis   .     (boots unavailable)
MR     +++..                    J - amulet of resist mutation
Stlth  +++++++++.               L - ring of Sakhuit {+Inv rF+++ rN+ Stlth+}
                                l - ring of Tutad {SustAb Contam MR+ Str+4 Dex+8}

@: blade paws, repel missiles, quick, extremely resistant to hostile
enchantments, incredibly stealthy
A: no armour, no weapons or thrown items, claws 1, fangs 3, camouflage 1, see
invisible, agile 1, carnivore 3, speed 1, poison resistance, shaggy fur 3, slow
metabolism 1, (sharp paws)
a: End Transformation, Renounce Religion, Evoke Invisibility
}: 1/15 runes: decaying


You were on level 4 of the Vaults.
You worshipped Okawaru.
Okawaru was demanding penance.
You were completely stuffed.
You had blades for front paws.
You visited 8 branches of the dungeon, and saw 45 of its levels.
You also visited: Sewer, Bailey, Ice Cave and Volcano.

You collected 5676 gold pieces.
You spent 3436 gold pieces at shops.

Inventory:

Missiles
 b - 188 arrows
Jewellery
 l - the ring of Tutad (left scythe-like blade) {SustAb Contam MR+ Str+4 Dex+8}
   (You took it off an orc on level 13 of the Dungeon)

   [ring of sustain abilities]

   It sustains your strength, intelligence and dexterity.
   It affects your strength (+4).
   It affects your dexterity (+8).
   It affects your resistance to hostile enchantments.
   It causes magical contamination when unequipped.
 x - an uncursed ring of wizardry
 J - an amulet of resist mutation (around neck)
 L - the ring of Sakhuit (right scythe-like blade) {+Inv rF+++ rN+ Stlth+}
   (You found it on level 10 of the Dungeon)

   [ring of stealth]

   It renders you almost immune to fire.
   It protects you from negative energy.
   It lets you turn invisible.
   It makes you more stealthy.
 U - the ring "Oroys" {+Inv rElec rN+ MR+ Str+4}
   (You took it off a kobold demonologist on level 2 of the Vaults)

   [ring of protection from magic]

   It affects your strength (+4).
   It insulates you from electricity.
   It protects you from negative energy.
   It affects your resistance to hostile enchantments.
   It lets you turn invisible.
 Z - an uncursed ring of protection from cold
Magical devices
 i - a wand of hasting (1)
 n - a wand of lightning (9)
 o - a wand of draining (4)
 q - a wand of digging (16)
 v - a wand of hasting (2)
 E - a wand of digging (6)
 N - a wand of cold (3)
 O - a wand of heal wounds (5)
 S - a wand of slowing (20)
Scrolls
 e - 3 scrolls of recharging
 f - 16 scrolls of remove curse
 g - 5 scrolls of teleportation
 j - a scroll of vulnerability
 r - 2 scrolls of fear
 X - 5 scrolls of magic mapping
 Y - 2 scrolls of silence
Potions
 c - 4 potions of magic
 h - a potion of resistance
 k - 13 potions of curing
 s - 3 potions of invisibility
 u - 8 potions of restore abilities
 z - 3 potions of might
 A - 4 potions of flight
 B - a potion of cancellation
 C - 3 potions of agility
 F - 4 potions of haste
 P - 2 potions of brilliance
 Q - 2 potions of berserk rage
Miscellaneous
 d - a phial of floods
 p - a fan of gales
 t - a sack of spiders {used: 12}
 w - a plain deck of wonders {Dowsing, drawn: 1}
 D - a disc of storms
 H - a box of beasts {used: 10}
 I - an ornate deck of escape {drawn: 7}
 M - a lamp of fire
 T - a stone of tremors
 W - an ornate deck of changes {Placid Magic}
Comestibles
 a - 19 meat rations


   Skills:
 + Level 12.5 Fighting
 * Level 21.0 Dodging
 + Level 16.3 Stealth
 * Level 16.5 Unarmed Combat
 - Level 10.0 Spellcasting
 - Level 4.2 Conjurations
 * Level 20.4 Hexes
 - Level 2.0 Charms
 - Level 3.0 Translocations
 - Level 13.0 Transmutations
 - Level 2.0 Fire Magic
 - Level 3.0 Invocations
 + Level 13.3 Evocations


You had one spell level left.
You knew the following spells:

 Your Spells              Type           Power        Failure   Level  Hunger
a - Beastly Appendage     Trmt           ######       4%          1    None
b - Sticks to Snakes      Trmt           ######....   6%          2    None
c - Conjure Flame         Conj/Fire      ###.....     41%         3    None
d - Confusing Touch       Hex            ######       3%          2    None
e - Blade Hands           Trmt           ######....   14%         5    ####...
f - Confuse               Hex            ######..     3%          3    None
g - Cause Fear            Hex            ######....   4%          4    ##.....
h - Repel Missiles        Chrm/Air       ##....       45%         2    None
i - Blink                 Tloc           N/A          24%         2    None
j - Fulminant Prism       Conj/Hex       ######....   12%         4    ##.....
k - Discord               Hex            ######....   54%         8    #######


Dungeon Overview and Level Annotations

Branches:
Dungeon (15/15)            Temple (0/1) D:5            Lair (8/8) D:10
  Swamp (5/5) Lair:5       Spider (4/5) Lair:5        Slime (0/6) Lair:8
    Orc (4/4) D:12            Elf (3/3) Orc:4        Vaults (5/5) D:13
  Crypt (0/3) Vaults:2     Depths (1/5) D:15

Altars:
Cheibriados
Dithmenos
Elyvilon
Makhleb
Nemelex Xobeh
Okawaru
Qazlal
Ru
Sif Muna
Vehumet
Xom
Yredelemnul
Beogh

Shops:
D:7 }   D:15 =}::   Orc:4 ?}!!   Elf:1 ?   Elf:2 (   Vaults:2 (   Vaults:3 ?

Portals:
Hell: Depths:1
Trove: Elf:1 (give 8 potions of haste)

Annotations:
Spider:4 Agnes; Jorgrun


Innate Abilities, Weirdness & Mutations

You cannot wear armour.
You are incapable of wielding weapons or throwing items.
You have sharp claws.
You have razor-sharp teeth.
You have supernaturally acute eyesight.
You are carnivorous and can eat meat at any time.
You cover ground quickly.
Your thick and shaggy fur keeps you warm (AC +3, rC+).
You have a slow metabolism.
((Your sharp claws are effective at attacking unaware monsters.))
Your skin changes colour to match your surroundings (Stealth).
You are agile. (Dex +2)
Your system is resistant to poisons.


Message History

Aim: a tentacled monstrosity (moderately wounded, chance 0%)
Okay, then.
Unknown command.
Read which item? (? for menu, Esc to quit)
Okay, then.
Read which item? (? for menu, Esc to quit)
Okay, then.
Press: ? - help, v - describe, . - travel
Here: a tentacled monstrosity (moderately wounded)
The floor.
Read which item? (? for menu, Esc to quit)
Okay, then.
Evoke which item? (* to show all) (? for menu, Esc to quit)
You have no means to grasp a wand firmly enough.
Evoke which item? (* to show all) (? for menu, Esc to quit)
You draw a card...
It is the Cloud.
Clouds appear around you!
The tentacled monstrosity tentacle-slaps you but does no damage.
The tentacled monstrosity completely misses you.
The tentacled monstrosity tentacle-slaps you!
You die...

#........#
#........###########
#>.......##.#.#.#.'#
#..))....'..#.'.#..#
####)#######'#.#.'###
#....)....#....#....#
#.....)[..#'######'##
#.§§§.....#....#....#
#.§X@.....####.#.'###
#.§§§.....#..'.#.'..#
#.........##.'.#.#.##
#.........##########
########### # # # #


You could see a tentacled monstrosity.

Vanquished Creatures
  Mara (Spider:3)
  Norris (Vaults:2)
  A quicksilver dragon (Vaults:4)
  An octopode crusher (Depths:1)
  2 thorn hunters
  2 sphinxes
  A tengu reaver (Vaults:3)
  A frost giant (IceCv)
  A fire giant (Vaults:3)
  Wiglaf (Vaults:4)
  A ghost moth (Spider:3)
  13 vault wardens
  3 deep elf sorcerers
  2 emperor scorpions (Spider:3)
  12 ironheart preservers
  A deep elf demonologist (Vaults:2)
  6 stone giants
  4 very ugly things
  Nessos (Lair:7)
  2 deep elf annihilators
  4 ettins
  Snorg (Lair:4)
  29 vault guards
  A fire dragon (Vaults:3)
  12 yaktaur captains
  A deep elf high priest (Elf:1)
  3 great orbs of eyes
  13 ogre magi
  6 ice dragons
  15 hydras
  A rakshasa (D:15)
  8 centaur warriors
  3 catoblepae
  4 dancing weapons (Elf:2)
  A deep troll earth mage (Vaults:4)
  The ghost of Shacut the Cleaver, an experienced HOFi of the Shining One (D:8)
  A salamander stormcaller (Vaults:4)
  14 alligators
  A vampire mage (Depths:1)
  5 death yaks
  Nergalle (Orc:1)
  11 deep elf knights
  A fire crab (Vaults:2)
  4 skeletal warriors (D:13)
  3 giant orange brains
  7 deep trolls
  4 hill giants
  2 spriggan druids (Swamp:5)
  13 deep elf summoners
  5 unseen horrors
  A flayed ghost (Vaults:4)
  A shambling mangrove (Swamp:2)
  14 swamp dragons
  A phantasmal warrior (Vaults:2)
  Pikel (D:8)
  11 harpies
  A mana viper (shapeshifter) (Vaults:1)
  A necromancer (Vaults:1)
  14 orc knights
  9 orb spiders
  19 wolf spiders
  An orc sorcerer (Orc:1)
  2 moths of wrath
  7 deep elf conjurers
  9 ironbrand convokers
  6 cyclopes
  A wolf spider zombie (D:14)
  A draconian (shapeshifter) (D:13)
  4 hornets
  47 ugly things
  2 griffons
  4 manticores
  18 elephants
  5 black mambas
  3 centaur zombies
  19 spiny frogs
  13 vault sentinels
  3 black mambas (shapeshifter)
  A torpor snail (Lair:4)
  A molten gargoyle (Volcano)
  3 centaur skeletons
  6 gargoyles
  60 yaktaurs
  2 efreet (D:13)
  A redback zombie (D:15)
  3 komodo dragons (shapeshifter)
  11 komodo dragons
  5 demonic crawlers
  8 kobold demonologists
  4 fire drakes
  5 trolls
  6 deep elf priests
  4 red devils
  2 freezing wraiths
  A fire vortex (Volcano)
  21 jumping spiders
  18 polar bears
  A tengu simulacrum (Vaults:1)
  30 slime creatures
  2 fire drakes (shapeshifter)
  2 giant leeches
  19 two-headed ogres
  10 baby alligators
  4 boulder beetles
  A queen bee (Lair:8)
  A baby alligator (shapeshifter) (D:15)
  12 bog bodies
  35 blink frogs
  8 ravens
  9 trapdoor spiders
  A human simulacrum (Vaults:1)
  21 tarantellas
  8 spriggans
  4 shadows
  A tarantella (shapeshifter) (D:15)
  A spriggan (shapeshifter) (Vaults:3)
  15 deep elf fighters
  31 redbacks
  13 deep elf magi
  A neqoxec (Vaults:3)
  54 vampire mosquitoes
  A wraith (Vaults:1)
  A wyvern (Lair:2)
  60 yaks
  6 basilisks
  A fire elemental (Volcano)
  A mottled dragon (Vaults:2)
  45 wolves
  23 swamp worms
  7 wargs
  A soldier ant (shapeshifter) (Vaults:3)
  Edmund (D:6)
  A hungry ghost (D:13)
  9 insubstantial wisps
  8 hippogriffs
  20 water moccasins
  15 porcupines
  18 swamp drakes
  15 boggarts
  16 spiders
  2 slaves (D:8)
  63 orc warriors
  23 centaurs
  8 ice beasts
  7 sky beasts
  6 black bears
  4 necrophages
  6 wasps
  2 phantoms
  2 chimeras (Vaults:5)
  42 ogres
  3 boring beetles
  A centaur (shapeshifter) (D:15)
  9 big kobolds
  11 crocodiles
  2 wyvern zombies
  A crocodile (shapeshifter) (Vaults:3)
  A human skeleton (Vaults:1)
  A wyvern skeleton (D:14)
  8 scorpions
  30 giant frogs
  23 killer bees
  5 electric eels
  9 wights
  2 vampire bats (Lair:6)
  An elf skeleton (Vaults:1)
  31 orc priests
  11 crimson imps
  A quasit (D:12)
  2 giant frog skeletons (D:4)
  10 iguanas
  Ijyb (D:2)
  5 hounds
  11 jellies
  A giant frog zombie (D:10)
  41 orc wizards
  11 worker ants
  45 sheep
  3 hound zombies
  A hound skeleton (D:8)
  2 mummies (D:11)
  11 gnolls
  74 river rats
  A shadow imp (D:15)
  10 adders
  A giant eyeball (Lair:8)
  4 oozes
  3 adder skeletons
  3 worms
  225 orcs
  4 ball pythons
  23 bats
  8 giant cockroaches
  57 goblins
  55 hobgoblins
  14 jackals
  3 quokkas
  7 giant geckos
  A giant gecko skeleton (D:5)
  10 giant newts
  48 kobolds
  25 rats
  3 spectral orcs (Orc:1)
  3 ballistomycetes
  3 fungi
  A plant (Swamp:5)
2190 creatures vanquished.

Vanquished Creatures (collateral kills)
  Saint Roka (Vaults:2)
  Arachne (Spider:3)
  Gastronok (Lair:1)
  An iron dragon (Vaults:5)
  Louise (D:14)
  An ironheart preserver (Vaults:5)
  A minotaur (Lair:2)
  A vault guard (D:13)
  Fannar (D:10)
  9 hydras
  2 death yaks
  2 slime creatures (D:13)
  A deep elf knight (Elf:1)
  A deep troll (Vaults:5)
  An orc knight (Vaults:1)
  A swamp dragon (Swamp:2)
  A deep elf conjurer (Elf:1)
  2 wolf spiders
  A black mamba (Lair:1)
  A moth of wrath (shapeshifter) (Vaults:5)
  2 yaktaurs (Vaults:4)
  2 polar bears (Lair:8)
  A two-headed ogre (Vaults:1)
  A troll (Vaults:1)
  A jumping spider (Spider:3)
  A raven (Swamp:1)
  A giant leech (Swamp:5)
  A bog body (Swamp:1)
  A chimera (Swamp:2)
  2 deep elf magi (Vaults:2)
  3 redbacks (Lair:8)
  6 spriggans
  A deep elf fighter (Vaults:2)
  A basilisk (Lair:7)
  A mottled dragon (D:14)
  4 swamp worms
  4 wolves
  2 water moccasins
  A black bear (Lair:8)
  An ice beast (D:13)
  11 orc warriors
  A spider (Lair:5)
  2 wasps
  A boggart (Vaults:1)
  3 centaurs (Vaults:1)
  2 big kobolds (D:3)
  2 scorpions
  Crazy Yiuf (D:2)
  2 orc priests
  A centaur skeleton (D:10)
  A hound (D:14)
  3 orc wizards
  A river rat (Swamp:1)
  17 orcs
  A hobgoblin (D:4)
  A giant cockroach (D:6)
  A ballistomycete (D:13)
119 creatures vanquished.

Vanquished Creatures (others)
  A storm dragon (Vaults:5)
  A vault guard (D:13)
  An orb spider (Spider:2)
  2 air elementals (Elf:1)
  12 chimeras
  3 polar bears (IceCv)
  2 fire elementals (Vaults:5)
  2 jumping spiders
  14 trapdoor spiders
  10 redbacks
  4 spiders
  A slave (D:8)
  A crimson imp (D:8)
  An orc (Orc:1)
  2 jackals (D:8)
  3 giant spores
  A ballistomycete (D:8)
  10 fungi
  6 plants
77 creatures vanquished.

Grand Total: 2386 creatures vanquished

Notes
Turn   | Place    | Note
--------------------------------------------------------------
     0 | D:1      | Fusha, the Felid Transmuter, began the quest for the Orb.
     0 | D:1      | Reached XP level 1. HP: 9/9 MP: 4/4
    74 | D:1      | Reached XP level 2. HP: 6/12 MP: 6/6
   403 | D:1      | Reached skill level 1 in Stealth
  1271 | D:1      | Reached XP level 3. HP: 8/15 MP: 4/7
  1277 | D:1      | Learned a level 2 spell: Sticks to Snakes
  1281 | D:1      | Learned a level 3 spell: Spider Form
  1661 | D:2      | Found an iron altar of Okawaru.
  1670 | D:2      | Became a worshipper of Warmaster Okawaru
  1725 | D:2      | Noticed Ijyb
  1741 | D:2      | Killed Ijyb
  1741 | D:2      | Reached XP level 4. HP: 11/19 MP: 8/8
  2299 | D:2      | Reached skill level 4 in Dodging
  2531 | D:2      | Noticed Crazy Yiuf
  2555 | D:2      | Killed Crazy Yiuf
  2928 | D:3      | Found a sparkling altar of Nemelex Xobeh.
  3857 | D:3      | Reached XP level 5. HP: 15/22 MP: 8/10
  5616 | D:3      | Noticed a big kobold
  5994 | D:3      | Killed a big kobold
  5994 | D:3      | Reached skill level 5 in Dodging
  5994 | D:3      | Gained mutation: You are covered in thick fur (AC +2). [Felid growth]
  5994 | D:3      | Reached XP level 6. HP: 11/26 MP: 5/11
  6231 | D:3      | Noticed a big kobold
  6395 | D:3      | Killed a big kobold
  7389 | D:4      | Acquired Okawaru's first power
  7394 | D:4      | HP: 1/27 [poisoned by a worker ant]
  7396 | D:4      | Succumbed to a worker ant's poison
  7397 | D:4      | Reached XP level 5. HP: 0/23 MP: 5/10
  7459 | D:4      | Found a deep blue altar of Sif Muna.
  7655 | D:4      | Reached XP level 6. HP: 21/27 MP: 6/11
  7703 | D:4      | Learned a level 2 spell: Confusing Touch
  8366 | D:4      | Reached skill level 6 in Dodging
  8366 | D:4      | Reached skill level 1 in Hexes
  8648 | D:4      | Found a burning altar of Makhleb.
  9524 | D:4      | Found a shimmering altar of Xom.
  9554 | D:5      | Entered Level 5 of the Dungeon
  9582 | D:5      | Reached XP level 7. HP: 27/31 MP: 10/12
  9704 | D:5      | Reached skill level 5 in Transmutations
  9919 | D:5      | Found a staircase to the Ecumenical Temple.
 10066 | D:5      | Found a snail-covered altar of Cheibriados.
 10067 | D:5      | Found a basalt altar of Yredelemnul.
 10411 | D:6      | Found a glowing drain.
 10677 | Sewer    | Entered a sewer
 10837 | Sewer    | Reached skill level 7 in Dodging
 10837 | Sewer    | Reached XP level 8. HP: 29/34 MP: 9/14
 11055 | D:6      | Noticed Edmund
 11110 | D:6      | Reached skill level 1 in Evocations
 11822 | D:5      | Learned a level 5 spell: Blade Hands
 12045 | D:6      | Killed Edmund
 12045 | D:6      | Reached skill level 5 in Hexes
 12490 | D:6      | Found a sacrificial altar of Ru.
 12644 | D:6      | Found a radiant altar of Vehumet.
 12700 | D:7      | Reached skill level 5 in Stealth
 12750 | D:7      | Found Gulivug's Quality Used Wands.
 12834 | D:7      | Reached XP level 9. HP: 31/39 MP: 13/15
 12870 | D:7      | Reached skill level 8 in Dodging
 13205 | D:7      | Found a stormy altar of Qazlal.
 13466 | D:7      | Learned a level 3 spell: Confuse
 14432 | D:8      | Noticed Shacut's ghost (experienced HOFi)
 14460 | D:8      | Slain by Shacut's ghost
 14461 | D:8      | Reached XP level 8. HP: 0/36 MP: 12/15
 14511 | D:8      | Noticed Pikel
 14829 | D:8      | Acquired Okawaru's second power
 14829 | D:8      | Reached skill level 5 in Unarmed Combat
 15173 | D:8      | Killed Pikel
 15173 | D:8      | Reached skill level 9 in Dodging
 15173 | D:8      | Reached XP level 9. HP: 36/39 MP: 14/16
 16577 | D:9      | Found a flagged portal.
 16654 | Bailey   | Entered a bailey
 17552 | D:9      | Found a shadowy altar of Dithmenos.
 18139 | D:9      | Reached skill level 1 in Invocations
 18202 | D:10     | Entered Level 10 of the Dungeon
 18270 | D:10     | Found a staircase to the Lair.
 18271 | D:10     | Noticed a komodo dragon
 19026 | D:10     | Reached XP level 10. HP: 43/43 MP: 16/18
 19302 | D:10     | Noticed an unseen horror
 19346 | D:10     | Killed an unseen horror
 19346 | D:10     | Reached skill level 5 in Fighting
 19346 | D:10     | Reached skill level 10 in Dodging
 19346 | D:10     | Reached skill level 5 in Spellcasting
 19450 | D:10     | Killed a komodo dragon
 20590 | D:10     | Noticed a centaur zombie
 20614 | D:10     | Killed a centaur zombie
 20696 | D:10     | Got a brightly glowing lead ring
 20697 | D:10     | Identified the ring of Sakhuit {+Inv rF+++ rN+ Stlth+} (You found it on level 10 of the Dungeon)
 20811 | Lair:1   | Entered Level 1 of the Lair of Beasts
 20835 | Lair:1   | Noticed a black mamba
 20853 | Lair:1   | Killed a black mamba
 21661 | Lair:1   | Noticed a black mamba
 21738 | Lair:1   | Noticed Gastronok
 21774 | Lair:1   | Killed a black mamba
 21786 | Lair:1   | Killed Gastronok
 21972 | Lair:1   | Reached XP level 11. HP: 48/48 MP: 20/20
 22481 | Lair:1   | Reached skill level 11 in Dodging
 22934 | Lair:2   | Found a dark tunnel.
 22942 | Volcano  | Entered a volcano
 22944 | Volcano  | Reached skill level 5 in Evocations
 23140 | Lair:2   | Found a frozen archway.
 23563 | IceCv    | Entered an ice cave
 23875 | IceCv    | Engulfed by a cloud of freezing vapour
 23876 | IceCv    | Reached XP level 10. HP: -2/45 MP: 19/19
 24298 | IceCv    | Reached XP level 11. HP: 45/48 MP: 15/20
 24310 | IceCv    | Noticed a death yak
 24316 | IceCv    | Reached skill level 10 in Transmutations
 24322 | IceCv    | Learned a level 4 spell: Cause Fear
 24402 | IceCv    | Killed a death yak
 24842 | IceCv    | Noticed a frost giant
 24842 | IceCv    | Noticed a death yak
 24943 | IceCv    | Killed a death yak
 24949 | IceCv    | Reached skill level 12 in Dodging
 25022 | IceCv    | Was placed under penance by Okawaru
 25029 | IceCv    | Killed a frost giant
 25367 | IceCv    | Identified Qujam's Incunabulum of the Frostbite and Combat Magic (You found it in an ice cave)
 25744 | Lair:2   | Noticed a stone giant
 25744 | Lair:2   | Noticed a minotaur
 25972 | Lair:2   | Was forgiven by Okawaru
 26230 | Lair:2   | Noticed a four-headed hydra
 26643 | Lair:2   | Killed a four-headed hydra
 26643 | Lair:2   | Gained mutation: Your thick and shaggy fur keeps you warm (AC +3, rC+). [Felid growth]
 26643 | Lair:2   | Reached XP level 12. HP: 53/53 MP: 13/22
 26780 | Lair:2   | Killed a minotaur
 27375 | Lair:3   | Noticed Sonja
 27376 | Lair:3   | Noticed Sonja
 27376 | Lair:3   | Sonja changed into Sonja the spriggan
 27388 | Lair:3   | Killed Sonja the spriggan
 28455 | Lair:3   | Noticed a four-headed hydra
 28620 | Lair:2   | Killed a stone giant
 29380 | Lair:3   | Killed a nine-headed hydra
 29557 | Lair:3   | Learned a level 3 spell: Gell's Gravitas
 29719 | Lair:4   | Noticed Snorg
 29736 | Lair:4   | Killed Snorg
 29857 | Lair:4   | Reached skill level 13 in Dodging
 29883 | Lair:4   | Reached skill level 10 in Stealth
 30220 | Lair:4   | Noticed a five-headed hydra
 30236 | Lair:4   | Killed a five-headed hydra
 31386 | Lair:4   | Reached XP level 13. HP: 57/57 MP: 21/24
 31956 | Lair:5   | Found a hole to the Spider Nest.
 32008 | Lair:5   | Reached skill level 10 in Hexes
 32070 | Lair:5   | Found a staircase to the Swamp.
 33423 | Lair:6   | Got a pitted amber ring
 33425 | Lair:6   | Identified the ring "Ygereut" {rPois rC+ MR+ SInv} (You found it on level 6 of the Lair of Beasts)
 33453 | Lair:6   | Reached skill level 10 in Unarmed Combat
 33574 | Lair:6   | Reached skill level 14 in Dodging
 34857 | Lair:7   | Noticed Nessos
 34872 | Lair:7   | Killed Nessos
 34893 | Lair:7   | Identified a scroll of acquirement
 36071 | Lair:7   | Reached XP level 14. HP: 30/63 MP: 15/26
 36589 | Lair:8   | Entered Level 8 of the Lair of Beasts
 36602 | Lair:8   | Learned a level 3 spell: Conjure Flame
 36673 | Lair:8   | Found a staircase to the Slime Pits.
 37290 | Lair:8   | Paralysed by a giant eyeball for 3 turns
 39450 | Lair:8   | Slain by a death yak
 39451 | Lair:8   | Reached XP level 13. HP: -5/59 MP: 21/25
 40289 | Lair:3   | Reached skill level 15 in Dodging
 40631 | D:11     | Noticed Fannar
 40947 | D:10     | Killed Fannar
 41394 | D:11     | Reached skill level 1 in Conjurations
 42012 | D:12     | Found a staircase to the Orcish Mines.
 43004 | Orc:1    | Entered Level 1 of the Orcish Mines
 43012 | Orc:1    | Found a roughly hewn altar of Beogh.
 43149 | Orc:1    | Noticed Nergalle
 43168 | Orc:1    | Killed Nergalle
 44135 | Orc:2    | Reached XP level 14. HP: 63/63 MP: 21/27
 46337 | Orc:4    | Entered Level 4 of the Orcish Mines
 48860 | Orc:4    | Found Zaxish's Gadget Boutique.
 48860 | Orc:4    | Found Potuof's Distillery.
 48880 | Orc:4    | Found Xenirph's Distillery.
 48882 | Orc:4    | Found Gotit's Magic Scroll Shop.
 48886 | Orc:4    | Bought a scroll of identify for 22 gold pieces
 48886 | Orc:4    | Bought 2 scrolls of blinking for 165 gold pieces
 48886 | Orc:4    | Bought a scroll of identify for 22 gold pieces
 48888 | Orc:4    | Gained mutation: Your system is resistant to poisons. [potion of mutation]
 48888 | Orc:4    | Gained mutation: Your skin changes colour to match your surroundings (Stealth). [potion of mutation]
 48888 | Orc:4    | Gained mutation: You are agile. (Dex +2) [potion of mutation]
 48894 | Orc:4    | Bought a potion of heal wounds for 75 gold pieces
 48894 | Orc:4    | Bought a potion of heal wounds for 75 gold pieces
 48899 | Orc:4    | Bought a plain deck of wonders for 224 gold pieces
 48899 | Orc:4    | Bought a lamp of fire for 640 gold pieces
 48899 | Orc:4    | Bought a stone of tremors for 640 gold pieces
 48900 | Orc:4    | Drew Focus: Dex increased to 20, Str decreased to 5
 48980 | Orc:4    | Bought a scroll of acquirement for 572 gold pieces
 49213 | Orc:4    | Found a staircase to the Elven Halls.
 49862 | Spider:1 | Entered Level 1 of the Spider Nest
 49990 | Spider:1 | Reached skill level 1 in Fire Magic
 50633 | Swamp:1  | Entered Level 1 of the Swamp
 51419 | D:13     | Found a deep blue altar of Sif Muna.
 51649 | D:13     | Learned a level 2 spell: Repel Missiles
 51766 | D:13     | Reached skill level 1 in Charms
 51846 | D:13     | Found a gate to the Vaults.
 54749 | Spider:3 | Noticed Mara
 54850 | Spider:3 | Reached XP level 15. HP: 67/67 MP: 22/28
 54998 | Spider:3 | Reached skill level 16 in Dodging
 55078 | Spider:3 | Noticed Fusha's illusion
 55996 | Spider:3 | Noticed an emperor scorpion
 56001 | Spider:3 | Killed an emperor scorpion
 56102 | Spider:3 | Noticed an emperor scorpion
 56112 | Spider:3 | Killed an emperor scorpion
 56167 | Spider:3 | Noticed Fusha's illusion
 56796 | Spider:3 | Killed Mara
 57450 | Spider:4 | Noticed Arachne
 57469 | Spider:4 | Noticed Agnes
 58857 | D:13     | Got a fine iron ring
 58935 | D:12     | Identified the ring of Tutad {SustAb Contam MR+ Str+4 Dex+8} (You took it off an orc on level 13 of the Dungeon)
 60559 | D:14     | Noticed Louise
 60599 | D:14     | Killed Louise
 60924 | D:15     | Entered Level 15 of the Dungeon
 60924 | D:15     | Found Xedeipol's Book Emporium.
 61013 | D:15     | Learned a level 2 spell: Blink
 61122 | D:15     | Reached XP level 16. HP: 72/72 MP: 25/30
 61215 | D:15     | Reached skill level 1 in Translocations
 61248 | D:15     | Found a staircase to the Depths.
 61448 | Depths:1 | Entered Level 1 of the Depths
 61961 | D:15     | Found Xozuz's Jewellery Shoppe.
 61968 | D:15     | Found Beocoleo's Book Shoppe.
 61969 | D:15     | Reached skill level 10 in Evocations
 62033 | D:15     | Found Ygoymis's Gadget Shoppe.
 62050 | D:15     | Bought a box of beasts for 320 gold pieces
 62050 | D:15     | Bought a box of beasts for 320 gold pieces
 64414 | Swamp:2  | Reached skill level 15 in Hexes
 64563 | Swamp:2  | Found a white marble altar of Elyvilon.
 65335 | Swamp:2  | Reached skill level 10 in Fighting
 65381 | Swamp:2  | Reached skill level 17 in Dodging
 65451 | Swamp:3  | Learned a level 4 spell: Fulminant Prism
 65670 | Swamp:3  | You fall through a shaft!
 67387 | Swamp:5  | Entered Level 5 of the Swamp
 67865 | Swamp:5  | Reached XP level 17. HP: 32/76 MP: 22/31
 69621 | Swamp:5  | Got a decaying rune of Zot
 70528 | Spider:3 | You fall through a shaft!
 70543 | Spider:4 | Noticed Jorgrun
 71447 | Spider:3 | Killed Arachne
 72639 | D:8      | Killed Shacut's ghost
 72657 | D:8      | Noticed a manticore
 72663 | D:8      | Killed a manticore
 73571 | Depths:1 | Reached skill level 18 in Dodging
 74062 | Depths:1 | Reached skill level 10 in Spellcasting
 74119 | D:15     | Learned a level 8 spell: Discord
 74519 | Depths:1 | Found a gateway to Hell.
 74992 | Elf:1    | Entered Level 1 of the Elven Halls
 76308 | Elf:1    | Found a portal to a secret trove of treasure.
 76623 | Elf:1    | Found Qem Rekh's Magic Scroll Shop.
 76628 | Elf:1    | Bought a scroll of fear for 49 gold pieces
 76628 | Elf:1    | Bought a scroll of blinking for 105 gold pieces
 77862 | Elf:2    | Reached XP level 18. HP: 81/81 MP: 33/33
 78147 | Elf:2    | Found Huoprobb's Antique Weapon Shop.
 78683 | Elf:3    | Entered Level 3 of the Elven Halls
 78816 | Elf:2    | Found a huge runed gate.
 78817 | Elf:2    | Found a huge runed gate.
 78817 | Elf:2    | Found a huge runed gate.
 78817 | Elf:2    | Found a huge runed gate.
 78824 | Elf:2    | Found a huge runed gate.
 79223 | Vaults:1 | Entered Level 1 of the Vaults
 79407 | Vaults:1 | Found an iron altar of Okawaru.
 82533 | Vaults:1 | Reached skill level 19 in Dodging
 82879 | Vaults:2 | Found Lexosefu's Weapon Emporium.
 82910 | Vaults:2 | Found a staircase to the Crypt.
 83246 | Vaults:2 | Noticed Norris
 83255 | Vaults:2 | Killed Norris
 83537 | Vaults:2 | Noticed Saint Roka
 85187 | Vaults:2 | Got a clouded platinum ring
 85193 | Vaults:2 | Identified the ring "Oroys" {+Inv rElec rN+ MR+ Str+4} (You took it off a kobold demonologist on level 2 of the Vaults)
 85425 | Vaults:2 | Reached skill level 15 in Unarmed Combat
 85478 | Vaults:2 | Reached skill level 15 in Stealth
 86529 | Vaults:2 | Reached XP level 19. HP: 74/86 MP: 27/34
 88925 | Vaults:2 | Killed Saint Roka
 91520 | Vaults:3 | Reached skill level 20 in Dodging
 91837 | Vaults:3 | Found Wakumus's Magic Scroll Emporium.
 91844 | Vaults:3 | Bought a scroll of identify for 36 gold pieces
 91844 | Vaults:3 | Bought a scroll of recharging for 171 gold pieces
 92789 | Vaults:4 | Noticed Wiglaf
 92791 | Vaults:4 | Killed Wiglaf
 94439 | Vaults:4 | Reached XP level 20. HP: 91/91 MP: 29/35
 95550 | Vaults:2 | Killed from afar by a titan
 95551 | Vaults:2 | Reached XP level 19. HP: -2/87 MP: 30/34
 96626 | Vaults:5 | Entered Level 5 of the Vaults
 96633 | Vaults:5 | HP: 2/88 [vault warden/battleaxe of electrocution (14)]
 96635 | Vaults:5 | Mangled by a vault warden
 96636 | Vaults:5 | Reached XP level 18. HP: -9/84 MP: 33/33
 96659 | Vaults:5 | Was placed under penance by Okawaru
 97006 | Vaults:4 | Reached skill level 21 in Dodging
 97427 | Vaults:4 | Slain by a tentacled monstrosity

Action                   |  1- 3 |  4- 6 |  7- 9 | 10-12 | 13-15 | 16-18 | 19-21 || total
-------------------------+-------+-------+-------+-------+-------+-------+-------++-------
Melee: Unarmed           |    86 |   445 |   656 |  1036 |  2546 |  1820 |   686 ||  7275
 Cast: Beastly Appendage |    14 |    78 |    72 |    55 |    36 |    51 |     2 ||   308
       Sticks to Snakes  |       |    31 |    70 |    42 |    78 |   112 |       ||   333
       Spider Form       |       |     1 |       |       |       |       |       ||     1
       Confusing Touch   |       |       |    60 |   128 |   113 |    17 |     6 ||   324
       Confuse           |       |       |       |    14 |    84 |   146 |    12 ||   256
       Blade Hands       |       |       |       |    15 |   155 |    84 |    58 ||   312
       Cause Fear        |       |       |       |     1 |     1 |       |       ||     2
       Gell's Gravitas   |       |       |       |       |     6 |       |       ||     6
       Repel Missiles    |       |       |       |       |     1 |     5 |     6 ||    12
       Blink             |       |       |       |       |       |     2 |       ||     2
Invok: Heroism           |       |     1 |     5 |       |     3 |     4 |       ||    13
       Finesse           |       |       |       |       |     1 |       |       ||     1
 Abil: End Transformatio |       |       |       |       |    11 |    17 |     2 ||    30
Evoke: Wand              |       |     6 |    17 |    20 |    32 |    48 |    11 ||   134
       Fan of gales      |       |       |       |     1 |       |     1 |       ||     2
       Box of beasts     |       |       |       |       |    11 |    25 |     2 ||    38
       Deck              |       |       |       |       |     7 |    13 |       ||    20
       Phantom mirror    |       |       |       |       |     1 |       |       ||     1
       Sack of spiders   |       |       |       |       |       |     4 |    12 ||    16
       Lamp of fire      |       |       |       |       |       |       |     1 ||     1
  Use: Scroll            |       |     7 |     8 |    12 |    24 |    24 |     5 ||    80
       Potion            |       |     2 |     4 |     3 |    12 |     6 |     4 ||    31
 Stab: Sleeping          |     4 |     7 |    20 |    40 |    74 |    60 |    16 ||   221
       Distracted        |       |     5 |     1 |     5 |     7 |    25 |     4 ||    47
       Confused          |       |       |    41 |    88 |   141 |    88 |    11 ||   369
       Paralysed         |       |       |       |       |     3 |       |       ||     3
       Petrified         |       |       |       |       |     2 |       |       ||     2
       Petrifying        |       |       |       |       |     1 |       |       ||     1
  Eat: Chunk             |     9 |    24 |    28 |    37 |   104 |    74 |    39 ||   315
       Beef jerky        |       |       |       |       |     1 |       |       ||     1
